 Dungeon Crawl Stone Soup version 0.30-b1-2-g02819fbbbe (webtiles) character file.

Game seed: 7476765607127336031

39783 dakkaduck the Severer (level 13, -1/122 HPs)
             Began as a Minotaur Berserker on May 10, 2023.
             Was a High Priest of Trog.
             Slain by a nine-headed hydra (8 damage)
             ... on level 5 of the Lair of Beasts.
             The game lasted 01:14:47 (13371 turns).

dakkaduck the Severer (Minotaur Berserker)         Turns: 13371, Time: 01:14:48

Health: -1/122     AC: 29    Str: 28    XL:     13   Next: 71%
Magic:  12/12      EV:  6    Int:  4    God:    Trog [*****.]
Gold:   527        SH: 12    Dex:  9    Spells: 12/12 levels left

rFire   + . .        j - +2 broad axe
rCold   + . .        z - +1 kite shield
rNeg    . . .        T - +2 gold dragon scales
rPois   +            U - +2 hat
rElec   .            O - +2 cloak
rCorr   .            e - +0 pair of gloves
SInv    +            g - +0 pair of boots
Will    .....        b - amulet of faith Stlth
                     E - ring of see invisible
HPRegen 0.40/turn    (no ring)
MPRegen 0.13/turn

%: faith
@: about to teleport
A: horns 2, retaliatory headbutt
a: Renounce Religion, Berserk, Trog's Hand, Brothers in Arms


You were on level 5 of the Lair of Beasts.
You worshipped Trog.
Trog was extremely pleased with you.
You visited 2 branches of the dungeon, and saw 14 of its levels.
You also visited: Bailey.

You collected 2039 gold pieces.
You spent 1512 gold pieces at shops.

Inventory:

Hand Weapons
 j - a +2 broad axe (weapon)
 t - a +0 war axe
 V - the +7 battleaxe "Wuite" {distort, rF+ SInv}
   (You found it on level 2 of the Lair of Beasts)

   rF:        It protects you from fire.
   SInv:      It lets you see invisible.
 X - the +10 quarterstaff of Watchfulness {flame, Fragile rPois rF++ Stlth+}
   (Trog gifted it to you on level 2 of the Lair of Beasts)

   rF:        It greatly protects you from fire.
   rPois:     It protects you from poison.
   Fragile:   It will be destroyed if unequipped.
   Stlth:     It makes you more stealthy.
 Y - a +1 demon whip of venom
Missiles
 A - 10 poisoned darts (quivered)
 K - 15 boomerangs
 M - 2 silver boomerangs
 Q - 8 atropa-tipped darts
 R - 4 datura-tipped darts
 S - 6 curare-tipped darts
Armour
 e - a +0 pair of gloves (worn)
 g - a +0 pair of boots (worn)
 z - a +1 kite shield (worn)
 O - a +2 cloak (worn)
 T - +2 gold dragon scales (worn)
 U - a +2 hat (worn)
Jewellery
 b - an amulet of faith (around neck)
 x - a ring of fire
 E - a ring of see invisible (left hand)
Wands
 h - a wand of digging (9)
 s - a wand of flame (6)
 y - a wand of light (7)
 H - a wand of roots (16)
Scrolls
 a - 2 scrolls of magic mapping
 c - a scroll of torment {unknown}
 d - a scroll of enchant armour
 f - 3 scrolls of enchant weapon
 i - 4 scrolls of noise
 n - a scroll of silence
 o - a scroll of vulnerability {unknown}
 v - 2 scrolls of teleportation
 w - 2 scrolls of fear
 I - 2 scrolls of brand weapon
 J - 2 scrolls of immolation
 W - a scroll of amnesia {unknown}
Potions
 k - 2 potions of might {unknown}
 l - 3 potions of flight {unknown}
 m - 3 potions of mutation
 p - 7 potions of lignification
 q - 3 potions of attraction {unknown}
 r - 4 potions of curing
 B - a potion of cancellation {unknown}
 C - a potion of haste {unknown}
 D - 2 potions of ambrosia {unknown}
 F - a potion of brilliance {unknown}
 L - 2 potions of berserk rage {unknown}
 N - a potion of degeneration {unknown}
 P - a potion of invisibility {unknown}
 Z - a potion of magic {unknown}


   Skills:
 * Level 13.5 Fighting
 + Level 17.2(17.5) Axes
 + Level 5.6(12.5) Maces & Flails
 + Level 5.3 Throwing
 + Level 12.0 Armour
 - Level 2.6 Dodging
 + Level 12.0 Shields
 + Level 0.9 Evocations


You had 12 spell levels left.
You didn't know any spells.
Your spell library was empty.

Dungeon Overview and Level Annotations

Branches:
Dungeon (9/15)             Temple (0/1) D:6            Lair (5/5) D:8
 Shoals (0/4) Lair:3        Snake (0/4) Lair:2        Slime (0/5) Lair:5
 Bailey (visited)
    Orc: D:9-12

Altars:
Fedhas
Makhleb
Ru
Uskayaw
Wu Jian
Yredelemnul
Zin

Shops:
D:6 [

Annotations:
D:9 Erolcha


Innate Abilities, Weirdness & Mutations

You have a pair of horns on your head.
You reflexively headbutt those who attack you in melee.


Message History

The nine-headed hydra bites you but does no damage.
You hit the nine-headed hydra.
The nine-headed hydra is heavily wounded.
The nine-headed hydra bites you!
* * * LOW HITPOINT WARNING * * *
The nine-headed hydra bites you but does no damage.
You block the nine-headed hydra's attack.
The nine-headed hydra completely misses you.
You block the nine-headed hydra's attack.
The nine-headed hydra barely misses you.
The nine-headed hydra bites you but does no damage.
The nine-headed hydra bites you.
* * * LOW HITPOINT WARNING * * *
The nine-headed hydra bites you.
* * * LOW HITPOINT WARNING * * *
The nine-headed hydra attacks as you move away!
The nine-headed hydra bites you but does no damage.
You block the nine-headed hydra's attack.
The nine-headed hydra bites you but does no damage.
The nine-headed hydra closely misses you.
You block the nine-headed hydra's attack.
The nine-headed hydra bites you.
* * * LOW HITPOINT WARNING * * *
The nine-headed hydra bites you.
* * * LOW HITPOINT WARNING * * *
The nine-headed hydra bites you.
* * * LOW HITPOINT WARNING * * *
The nine-headed hydra bites you.
* * * LOW HITPOINT WARNING * * *
As you read the scroll of teleportation, it crumbles to dust.
You feel strangely unstable.
The nine-headed hydra bites you but does no damage.
The nine-headed hydra bites you!
* * * LOW HITPOINT WARNING * * *
The nine-headed hydra bites you but does no damage. x2
The nine-headed hydra bites you.
* * * LOW HITPOINT WARNING * * *
The nine-headed hydra barely misses you.
The nine-headed hydra bites you!
You die...

≈≈≈§≈≈≈≈≈§§≈######
#≈
######§≈≈#§..#8#8#
≈≈ #...
##≈§###....## S##
.... #§≈#......8#
≈≈# ..
#≈§§......## ≈≈
#§§≈.......##§##
#§§§........#≈≈#
#§≈..........§≈#
≈##.@.......§§##
##D.......§≈#
#l....#.§§##
#≈...#..#8#.§≈#
#§§§§##8###§≈##
...§≈≈§ ### §≈8#
..##§≈≈ ≈§### .
###≈ ≈§ #≈


You could see a nine-headed hydra and a wyvern.

Vanquished Creatures
  Gastronok (Lair:1)
  2 hydras (Lair:5)
  A catoblepas (Lair:4)
  2 boulder beetles (Lair:4)
  8 death yaks
  Amaemon (Lair:2)
  A skyshark (Lair:4)
  Pikel (D:5)
  2 lindwurms
  2 merfolk sirens (Lair:3)
  Maurice (D:8)
  5 elephants (Lair:5)
  3 black mambas
  A molten gargoyle (Lair:5)
  2 torpor snails (Lair:4)
  13 cane toads
  An orange demon (Lair:2)
  5 rime drakes
  9 komodo dragons
  2 merfolk (Lair:3)
  A polar bear (Lair:1)
  4 blink frogs (Lair:3)
  2 dream sheep (Lair:4)
  2 wyverns
  35 yaks
  2 basilisks (Lair:5)
  A steam dragon (Lair:5)
  4 vampire mosquitoes (D:8)
  14 water moccasins
  A hell hound (Lair:5)
  6 orc warriors
  3 sky beasts (D:7)
  3 ice beasts
  2 ogres (D:4)
  8 black bears
  4 centaurs
  6 wolves (Lair:2)
  2 lemures
  8 kobold brigands
  2 phantoms (D:5)
  6 bullfrogs
  A gnoll sergeant (D:5)
  2 scorpions (D:5)
  4 wights (D:7)
  10 killer bees
  3 howler monkeys
  2 electric eels (D:8)
  2 lava snakes (Lair:5)
  4 hounds
  4 jellies
  2 orc priests
  Crazy Yiuf (D:3)
  2 gnoll boudas
  2 iguanas
  A sleepcap (D:5)
  Natasha (thrice) (D:4)
  3 orc wizards
  Robin (D:2)
  16 gnolls
  4 adders
  2 white imps
  2 ufetubi
  3 worms
  3 dart slugs
  33 orcs
  12 endoplasms
  3 giant cockroaches
  17 goblins
  13 hobgoblins
  2 jackals (D:2)
  21 kobolds
  6 quokkas
  11 ball pythons
  7 bats
  4 frilled lizards
  4 rats
389 creatures vanquished.

Vanquished Creatures (collateral kills)
  A black mamba (Lair:5)
  A molten gargoyle (Lair:5)
  2 komodo dragons (Lair:5)
  3 hell hounds (Lair:5)
  A black bear (D:5)
8 creatures vanquished.

Vanquished Creatures (others)
  An orc zombie (D:4)
  29 fungi
  30 plants
60 creatures vanquished.

Grand Total: 457 creatures vanquished

Notes
Turn   | Place    | Note
-------+----------+-------------------------------------------
     0 | D:1      | dakkaduck the Minotaur Berserker began the quest for the
                  | Orb.
     0 | D:1      | Reached XP level 1. HP: 19/19 MP: 0/0
    72 | D:1      | Found a faded altar of an unknown god.
   126 | D:1      | Reached skill level 4 in Axes
   182 | D:1      | Reached XP level 2. HP: 20/26 MP: 1/1
   552 | D:1      | Reached skill level 5 in Axes
   595 | D:2      | Reached ** piety under Trog
   618 | D:2      | Noticed Robin
   622 | D:2      | Reached XP level 3. HP: 31/31 MP: 2/2
   634 | D:2      | Killed Robin
   721 | D:2      | Reached XP level 4. HP: 39/39 MP: 3/3
   856 | D:2      | Reached skill level 6 in Axes
  1677 | D:3      | Found a hide-covered altar of Uskayaw.
  1760 | D:3      | Reached skill level 7 in Axes
  1760 | D:3      | Reached XP level 5. HP: 41/45 MP: 4/4
  1772 | D:3      | Found a sacrificial altar of Ru.
  1852 | D:3      | Reached *** piety under Trog
  1928 | D:3      | Found a runed translucent door.
  1929 | D:3      | Noticed Crazy Yiuf
  2112 | D:3      | Killed Crazy Yiuf
  2201 | D:4      | Noticed Natasha
  2204 | D:4      | Killed Natasha
  2303 | D:4      | Noticed an ogre
  2305 | D:4      | Found a glowing silver altar of Zin.
  2361 | D:4      | Killed an ogre
  2362 | D:4      | Reached skill level 8 in Axes
  2362 | D:4      | Reached XP level 6. HP: 45/51 MP: 5/5
  2418 | D:4      | Found a transporter.
  2460 | D:4      | Noticed Natasha
  2468 | D:4      | Killed Natasha
  2478 | D:4      | Found a burning altar of Makhleb.
  2566 | D:4      | Reached skill level 9 in Axes
  2707 | D:4      | Reached **** piety under Trog
  2720 | D:4      | Found a transporter.
  2724 | D:4      | Noticed an ice beast
  2727 | D:4      | Noticed an ice beast
  2879 | D:4      | Noticed Natasha
  2890 | D:4      | Killed Natasha
  2964 | D:4      | Reached skill level 10 in Axes
  2964 | D:4      | Reached XP level 7. HP: 55/57 MP: 6/6
  3273 | D:5      | Entered Level 5 of the Dungeon
  3289 | D:5      | Reached skill level 11 in Axes
  3314 | D:4      | Reached XP level 8. HP: 13/64 MP: 7/7
  3634 | D:5      | Reached skill level 12 in Axes
  3664 | D:5      | Noticed Pikel
  3677 | D:5      | Killed Pikel
  3678 | D:5      | Reached skill level 13 in Axes
  3793 | D:5      | Reached skill level 14 in Axes
  3890 | D:5      | Reached XP level 9. HP: 68/70 MP: 8/8
  4514 | D:6      | Identified the +6 chain mail "Fulidilust" {rF+}
  4719 | D:6      | Reached skill level 1 in Shields
  4975 | D:6      | Found an ornate altar of the Wu Jian Council.
  5010 | D:6      | Found Wahoum's Armour Boutique.
  5119 | D:6      | Reached skill level 15 in Axes
  5160 | D:6      | Found a staircase to the Ecumenical Temple.
  5779 | D:7      | Reached skill level 5 in Fighting
  5817 | D:7      | Reached skill level 5 in Shields
  6084 | D:8      | Noticed Maurice
  6103 | D:8      | Killed Maurice
  6104 | D:8      | Reached XP level 10. HP: 80/81 MP: 9/9
  6164 | D:8      | Reached skill level 5 in Armour
  6171 | D:8      | Found a flagged portal.
  6267 | Bailey   | Entered a bailey
  6287 | Bailey   | Reached ***** piety under Trog
  6583 | Bailey   | Found a burning altar of Makhleb.
  6911 | D:6      | Bought +2 gold dragon scales for 1288 gold pieces
  6911 | D:6      | Bought a +2 hat for 224 gold pieces
  7004 | D:8      | Found a staircase to the Lair.
  7303 | D:8      | Found a basalt altar of Yredelemnul.
  7631 | D:9      | Noticed Erolcha
  7656 | Lair:1   | Entered Level 1 of the Lair of Beasts
  7678 | Lair:1   | Noticed a cane toad
  7690 | Lair:1   | Killed a cane toad
  7777 | Lair:1   | Reached skill level 16 in Axes
  7782 | Lair:1   | Reached XP level 11. HP: 73/92 MP: 10/10
  7926 | Lair:1   | Noticed Gastronok
  7994 | Lair:1   | Killed Gastronok
  8260 | Lair:1   | Reached skill level 10 in Shields
  8395 | Lair:1   | Noticed a lindwurm
  8419 | Lair:1   | Killed a lindwurm
  9211 | Lair:2   | Found a staircase to the Snake Pit.
  9225 | Lair:2   | Reached skill level 10 in Fighting
  9244 | Lair:2   | Reached skill level 10 in Armour
  9313 | Lair:2   | Found a blossoming altar of Fedhas.
  9349 | Lair:2   | Identified the +7 battleaxe "Wuite" {distort, rF+ SInv}
  9372 | Lair:2   | Reached skill level 1 in Throwing
  9382 | Lair:2   | Reached XP level 12. HP: 82/106 MP: 11/11
  9489 | Lair:2   | Identified the +10 quarterstaff of Watchfulness {flame,
                  | Fragile rPois rF++ Stlth+} (Trog gifted it to you on level
                  | 2 of the Lair of Beasts)
  9489 | Lair:2   | Received a gift from Trog
  9630 | Lair:2   | Noticed Amaemon
  9761 | Lair:2   | Killed Amaemon
 10243 | Lair:3   | Reached skill level 1 in Maces & Flails
 10256 | Lair:3   | Found a staircase to the Shoals.
 10751 | Lair:3   | Noticed a death yak
 10788 | Lair:3   | Killed a death yak
 10790 | Lair:3   | Noticed a death yak
 10796 | Lair:3   | Noticed a death yak
 10796 | Lair:3   | Noticed a death yak
 10803 | Lair:3   | Killed a death yak
 10830 | Lair:3   | Killed a death yak
 10840 | Lair:3   | Killed a death yak
 11419 | Lair:4   | Noticed a boulder beetle
 11443 | Lair:4   | Killed a boulder beetle
 11498 | Lair:4   | Noticed a catoblepas
 11638 | Lair:4   | Killed a catoblepas
 11639 | Lair:4   | Reached XP level 13. HP: 100/118 MP: 12/12
 12535 | Lair:5   | Entered Level 5 of the Lair of Beasts
 12536 | Lair:5   | Found a staircase to the Slime Pits.
 12810 | Lair:5   | Reached skill level 17 in Axes
 13088 | Lair:5   | Identified the +0 leather armour of Lies {rPois rC- rN+++
                  | Slay+3}
 13121 | Lair:5   | Reached skill level 5 in Maces & Flails
 13131 | Lair:5   | Reached skill level 5 in Throwing
 13261 | Lair:5   | Received a gift from Trog
 13371 | Lair:5   | Slain by a nine-headed hydra

Illustrated notes

Levels and vault maps discovered:
D:1:      scummos_arrival_simple_fountains, layout_rooms, basic_ecumenical_altar
D:2:      minmay_recursive_quarters, layout_loops_corners, uniq_robin
D:3:      layout_basic, marbit_many_paths, nicolae_overflow_crystal_walls,
          uniq_crazy_yiuf_cottage
D:4:      gammafunk_cloud_chamber, layout_loops_ring,
          mainiacjoe_overflow_boulevard, makhleb_heckhound_becter, uniq_natasha
D:5:      layout_rooms, corexii_item_surrounded_by_moat, serial_bayou_lagoon_a,
          uniq_pikel
D:6:      nicolae_cairo_tiling_very_big, layout_basic,
          nzn_wu_jian_contemplation, serial_shops,
          nicolae_shop_just_a_little_nook, grunt_decor_one_mirror
D:7:      layout_loops_cross, kennysheep_generic_room_13
D:8:      layout_basic, mainiacjoe_overflow_brackets, dpeg_oklobed_lair,
          enter_bailey_3, chequers_serial_rivers_micro_a, uniq_maurice
D:9:      layout_gridville, hangedman_abyss_or_decor_passed,
          lightli_corner_chamber, uniq_erolcha
Lair:1:   layout_regular_city, beast_lair_carwin_6, lemuel_fruit_tree,
          uniq_gastronok
Lair:2:   layout_misc_corridors, minmay_snake_entry_six_corridors, basic_altar,
          minivault_24, uniq_amaemon
Lair:3:   layout_regular_city, elwin_shoals_entry_stream, serial_bayou_shore_b
Lair:4:   layout_misc_corridors, fungi_pond_lemuel, grunt_megastairs_5
Lair:5:   cheibrodos_lair_end_hotspot, layout_small_grid, slime_entry_1

Skill      XL: |  1  2  3  4  5  6  7  8  9 10 11 12 13 |
---------------+----------------------------------------+-----
Axes           | 4 5 7 8 10 11 14 15 16 17 | 17.2
Shields        | 5 8 10 11 12 | 12.0
Fighting       | 5 7 10 12 13 | 13.5
Armour         | 4 6 10 11 12 | 12.0
Throwing       | 1 4 5 |  5.3
Maces & Flails | 3 5 |  5.6
Dodging        | |  2.6
Evocations     | |  0.9

Action                     |  1- 3 |  4- 6 |  7- 9 | 10-12 | 13-15 || total
---------------------------+-------+-------+-------+-------+-------++-------
  Melee: Hand axe          |    89 |    88 |    65 |   262 |       ||   504
         Headbutt          |    13 |    24 |    49 |   141 |    66 ||   293
         Flail             |       |    71 |   160 |   181 |       ||   412
         Quarterstaff      |       |     7 |       |       |       ||     7
         Punch             |       |     1 |       |       |       ||     1
         Demon whip        |       |       |       |   192 |   192 ||   384
         Broad axe         |       |       |       |       |    32 ||    32
  Throw: Dart              |       |       |     6 |    86 |   110 ||   202
         Boomerang         |       |       |       |    11 |       ||    11
 Invoke: Berserk           |     1 |     1 |     7 |     7 |     1 ||    17
         Brothers in Arms  |       |       |     1 |     1 |     1 ||     3
  Evoke: Wand              |       |       |       |       |     5 ||     5
    Use: Scroll            |       |     3 |     4 |    10 |     6 ||    23
         Potion            |       |       |     1 |     1 |       ||     2
   Stab: Invisible         |       |       |       |       |     1 ||     1
 Armour: Animal skin       |    12 |       |       |       |       ||    12
         Ring mail         |    23 |    92 |    60 |       |       ||   175
         Chain mail        |       |       |    48 |    35 |       ||    83
         Gold dragon scale |       |       |       |   281 |   100 ||   381
  Dodge: Dodged            |    51 |    86 |   113 |   111 |    41 ||   402
  Block: Kite shield       |       |       |    85 |   286 |   103 ||   474
